 Dungeon Crawl Stone Soup version 0.32-a0-913-g739538afd8 (webtiles) character file.

Game seed: 13678724480841254396

51 uglyjohn the Firebug (level 3, 0/26 HPs)
             Began as a Mountain Dwarf Fire Elementalist on Apr 9, 2024.
             Killed from afar by an orc wizard (6 damage)
             ... with a puff of flame
             ... on level 3 of the Dungeon.
             The game lasted 00:03:55 (1912 turns).

uglyjohn the Firebug (MDFE)                         Turns: 1912, Time: 00:03:57

Health: 0/26       AC:  4    Str: 10    XL:     3   Next: 57%
Magic:  6/6        EV: 10    Int: 17    God:
Gold:   64         SH:  0    Dex: 10    Spells: 5/6 levels left

rFire   . . .        g - +0 flail
rCold   . . .        (no shield)
rNeg    . . .        c - +0 leather armour
rPois   .            (no helmet)
rElec   .            n - +0 cloak
rCorr   .            (no gloves)
SInv    .            (no boots)
Will    .....        (no amulet)
Stlth   +            (no ring)
HPRegen 0.24/turn    (no ring)
MPRegen 0.10/turn

%: no passive effects
@: no status effects
A: runic magic, artefact enchanting
a: no special abilities


You were on level 3 of the Dungeon.
You visited 1 branch of the dungeon, and saw 3 of its levels.

You collected 64 gold pieces.

Inventory:

Hand Weapons
 g - a +0 flail (weapon)
Armour
 a - a +0 robe
 c - a +0 leather armour (worn)
 n - a +0 cloak (worn)
Scrolls
 d - a scroll of blinking
 f - a scroll of acquirement {unknown}
 l - a scroll of identify {unknown}
Potions
 b - 2 potions of magic
 e - a potion of attraction {unknown}
 h - 2 potions of brilliance {unknown}
 i - a potion of invisibility {unknown}
 j - a potion of lignification {unknown}
 k - 2 potions of heal wounds {unknown}
 m - a potion of experience {unknown}
 o - a potion of ambrosia {unknown}


   Skills:
 + Level 1.5 Armour
 - Level 1.3 Dodging
 - Level 1.4 Stealth
 + Level 2.2 Spellcasting
 + Level 1.7 Conjurations
 + Level 4.1 Fire Magic


You had 5 spell levels left.
You knew the following spells:

 Your Spells              Type           Power      Damage    Failure   Level
a - Foxfire               Conj/Fire      48%        2x1d6     6%          1

Your spell library contained the following spells:

 Spells                   Type           Power      Damage    Failure   Level
 Scorch                   Fire           32%        2d6       5%          2
 Inner Flame              Hex/Fire       9%         N/A       26%         3
 Volatile Blastmotes      Fire/Tloc      18%        2d11      26%         3
 Flame Wave               Conj/Fire      12%        2d6       52%         4


Dungeon Overview and Level Annotations

Branches:
Dungeon (3/15)

Altars:
Dithmenos


Innate Abilities, Weirdness & Mutations

Your spellcasting is much less encumbered by armour.
You can use scrolls of enchantment on lesser artefacts.


Message History

An orc comes into view. It is wielding a +0 flail.
You conjure some foxfire!
The foxfire hits the orc wizard but does no damage.
The foxfire hits the orc wizard.
The orc wizard is moderately wounded.
You hit the orc wizard.
The orc wizard is severely wounded.
An orc comes into view. It is wielding a +3 hand axe.
You closely miss the orc. The orc wizard closely misses you.
The orc closely misses you.
Unknown command.
You barely miss the orc wizard.
The orc wizard is severely wounded.
The orc wizard barely misses you. The orc hits you but does no damage.
The orc hits you with a +0 falchion.
The orc wizard points at you and mumbles some strange words.
The magic dart hits you!
You hit the orc wizard but do no damage.
The orc wizard is severely wounded.
The orc wizard gestures at you while chanting.
You resist with some effort. The orc hits you but does no damage.
Unknown command.
You hit the orc wizard.
The orc wizard is severely wounded.
The orc wizard gestures wildly while chanting.
The orc wizard flickers and vanishes!
Deactivating autopickup; reactivate with Ctrl-A.
The orc hits you with a +0 falchion. The orc closely misses you.
You hear some strange, mumbled words.
A magic dart appears from out of thin air!
The magic dart hits you.
* * * LOW HITPOINT WARNING * * *
Okay, then.
Blink to where?
Press: ? - help, Dir - move target
As you read the scroll labelled TIDEQE HUMIU, it crumbles to dust.
It was a scroll of blinking.
A puff of flame appears from out of thin air!
The puff of flame hits you.
You die...

##.## #...# ###
####>#.#
...########......#
....<.....+......#
...#.######......# ..
#.............# <
###...........#
##.#....#.#@######
#######.....(#.#....{§#
.......##...##.######o#
≈≈§≈≈≈.##...##.# #o#
.≈≈§§§≈##...##.# #o#
≈...≈.≈##...##.# #o#
≈._.≈.≈##...##.. #.#
§...≈.≈##...# #!#
.§≈≈..≈##...# #.#


You could see an orc.

Vanquished Creatures
  A gnoll (D:1)
  An adder (D:2)
  A dart slug (D:1)
  A bat (D:1)
  6 endoplasms
  2 giant cockroaches (D:1)
  3 goblins
  3 hobgoblins (D:1)
  A quokka (D:1)
  3 ball pythons
  A frilled lizard (D:2)
  A kobold (D:1)
  4 rats
28 creatures vanquished.

Vanquished Creatures (others)
  64 foxfires
64 creatures vanquished.

Grand Total: 92 creatures vanquished

Notes
Turn   | Place    | Note
-------+----------+-------------------------------------------
     0 | D:1      | uglyjohn the Mountain Dwarf Fire Elementalist began the
                  | quest for the Orb.
     0 | D:1      | Reached XP level 1. HP: 14/14 MP: 3/3
   224 | D:1      | Reached skill level 1 in Conjurations
   363 | D:1      | Reached XP level 2. HP: 18/20 MP: 0/5
   491 | D:1      | Reached skill level 1 in Armour
   491 | D:1      | Reached skill level 4 in Fire Magic
   708 | D:1      | Reached XP level 3. HP: 26/26 MP: 4/6
  1885 | D:3      | Found a shadowy altar of Dithmenos.
  1912 | D:3      | Killed from afar by an orc wizard

Illustrated notes

Levels and vault maps discovered:
D:1:      dpeg_arrival_renting, layout_basic
D:2:      layout_loops_corners
D:3:      layout_basic, mainiacjoe_overflow_paths, jmf_multi_god_temple2,
          fedhas_altar_4, saegor_snake_ambush, uniq_sigmund, uniq_terence

Skill      XL: |  1  2 |
---------------+-------+-----
Conjurations   | 1 |  1.7
Spellcasting   | 2 |  2.2
Armour         | 1 |  1.5
Fire Magic     | 4 |  4.1
Dodging        | |  1.3
Stealth        | |  1.4

Action                     || total
---------------------------++-------
  Melee: Unarmed           ||     6
         Flail             ||    12
   Cast: Foxfire           ||    38
    Use: Scroll            ||     1
 Armour: Leather armour    ||    20
         Robe              ||     3
  Dodge: Dodged            ||    25

Table legend: (Time is in decaauts)
 A = Elapsed time spent in this place.
 B = Non-inter-level travel time spent in this place.
 C = Inter-level travel time spent in this place.
 D = Time resting spent in this place.
 E = Time spent auto-exploring this place.
 F = Levels seen in this place.
 G = Mean time per level.
                   A        B        C        D        E       F      G
               +--------+--------+--------+--------+--------+-----+--------+
         Total |   1915 |   1884 |     31 |     23 |   1586 |   3 |  638.3 |
       Dungeon |   1915 |   1884 |     31 |     23 |   1586 |   3 |  638.3 |
               +--------+--------+--------+--------+--------+-----+--------+

Top non-repeatable levels by time:
     D:1: 1062 daAuts
     D:2: 818 daAuts
     D:3: 34 daAuts
